AoeStats
← Bo Xilai stan

Northern Isles

510440049Analyzed
1v1 RM · 15h ago on Oct 1, 2026· 28m 1s· 2 players
Game mode
Random Map
Map size
Tiny (2 player)
Population
200
Speed
Normal
Resources
Standard
Victory
Conquest
Starting age
Dark Age
Ending age
Imperial Age
RankedLock teamsTeams togetherTeam positionsShared explorationLock speedFull tech treeHidden civsTurbo modeCheats
Victory
Defeat
🇺🇸 Koreans · United States
999
+15
🇧🇷 Portuguese · Brazil
983
-15
DanielSRuppenthal
11:35 Feudal Age
11:59 Horse Collar
12:08 Double-Bit Axe
19:30 Castle Age
17:37 Stone Mining
19:32 Loom
20:53 Heavy Plow
21:07 Bow Saw
28:27 Wheelbarrow
Bo Xilai stan
11:52 Feudal Age
10:08 Loom
12:28 Fishing Lines
14:21 Double-Bit Axe
16:21 Gold Mining
18:56 Castle Age
16:44 Town Watch
17:34 Wheelbarrow
18:55 Fletching
20:27 Stone Mining
21:13 Bow Saw
22:09 Gillnets
27:17 Husbandry
Connection lost

Rejoining the realm…

Still unreachable

The connection could not be restored.

Session expired

The server has moved on; the page needs a fresh start.